AoeStats
← doofgod

African Clearing

504542264Analyzed
3v3 RM · 28d ago on Sep 5, 2026· 36m 23s· 6 players
Game mode
Random Map
Map size
Normal (6 player)
Population
200
Speed
Normal
Resources
Standard
Victory
Conquest
Starting age
Dark Age
Ending age
Imperial Age
RankedLock teamsTeams togetherTeam positionsShared explorationLock speedFull tech treeHidden civsTurbo modeCheats
Victory
Defeat
🇺🇸 Japanese · United States
1377
+12
🇨🇱 Lithuanians · Chile
1265
+16
🇦🇷 Spanish · Argentina
1175
+20
🇩🇪 Wei · Germany
1294
-17
🇩🇪 Romans · Germany
1279
-16
🇩🇪 Ethiopians · Germany
1242
-15
doofgod
9:05 Loom
12:05 Feudal Age
12:31 Double-Bit Axe
20:33 Castle Age
20:13 Fletching
20:51 Crossbowman
21:31 Bodkin Arrow
21:45 Gold Mining
25:13 Padded Archer Armor
27:37 Horse Collar
32:27 Ballistics
32:22 Stone Mining
33:33 Heavy Plow
34:50 Masonry
37:09 Bow Saw
thevipleb
11:08 Loom
13:48 Feudal Age
17:33 Castle Age
16:36 Double-Bit Axe
23:33 Scale Barding Armor
23:50 Horse Collar
23:55 Fishing Lines
25:16 Fervor
27:31 Chain Barding Armor
27:22 Forging
30:10 Bloodlines
30:00 Husbandry
31:30 Gillnets
35:12 Imperial Age
34:26 Wheelbarrow
36:16 Conscription
36:53 Plate Barding Armor
Vasili
4:20 Loom
16:26 Feudal Age
26:26 Fletching
28:41 Double-Bit Axe
31:58 Castle Age
30:52 Bloodlines
30:54 Horse Collar
36:29 Wheelbarrow
Pfnatsch
5:38 Loom
12:02 Feudal Age
12:44 Double-Bit Axe
14:24 Town Watch
23:50 Castle Age
24:08 Scale Barding Armor
24:14 Forging
24:22 Fletching
25:08 Bow Saw
25:37 Bodkin Arrow
26:06 Crossbowman
27:48 Wheelbarrow
29:59 Thumb Ring
32:36 Hand Cart
32:47 Padded Archer Armor
35:53 Horse Collar
big ritard pleyer
9:23 Loom
12:01 Feudal Age
13:05 Double-Bit Axe
13:01 Horse Collar
15:15 Wheelbarrow
20:36 Castle Age
18:59 Stone Mining
19:30 Gold Mining
20:23 Fishing Lines
20:51 Fletching
21:08 Scale Barding Armor
22:00 Heavy Plow
23:27 Forging
24:39 Husbandry
29:12 Light Cavalry
30:28 Bloodlines
30:22 Husbandry
Spirit
5:33 Loom
12:32 Feudal Age
13:46 Double-Bit Axe
13:51 Man-at-Arms
15:15 Scale Mail Armor
19:59 Horse Collar
24:23 Castle Age
23:47 Wheelbarrow
24:38 Pikeman
28:09 Squires
30:57 Forging
31:02 Chain Mail Armor
31:21 Long Swordsman
36:35 Chain Mail Armor
Connection lost

Rejoining the realm…

Still unreachable

The connection could not be restored.

Session expired

The server has moved on; the page needs a fresh start.